 Dungeon Sprint DCSS version 0.29.1-1-gd02db6906a (webtiles) character file.

Game seed: 6135328002650994789

6700000 Ashen the Intangible (level 26, -90/221 HPs)
             Began as a Djinni Hedge Wizard on Oct 21, 2022.
             Was the Champion of Makhleb.
             Annihilated by a destroyer
             ... wielding a +9 vorpal great sword
              (169 damage)
             ... in the Dungeon (Sprint VIII: "Arena of Blood").
             The game lasted 00:06:24 (67 turns).

Ashen the Intangible (Djinni Hedge Wizard)            Turns: 67, Time: 00:06:24

Health: -90/221    AC:  4    Str:  9    XL:     26   Next: 13%
Gold:   0          EV: 26    Int: 27    God:    Makhleb [******] SH:  0 Dex: 14

rFire   + + .      SeeInvis .   i - +∞ Axe of Woe
rCold   x . .      Faith    .   (shield currently unavailable)
rNeg    . . .      Spirit   .   b - +0 robe
rPois   ∞          Reflect  .   c - +0 hat
rElec   .          Harm     .   (no cloak)
rCorr   .          Rampage  .   (no gloves)
Will    ++...      NoTele   +   (boots unavailable)
Stlth   +++++++++.              (no amulet)
HPRegen 0.46/turn               (no ring)
MPRegen 0.00/turn               (no ring)

@: in a vortex, flying, slowed, very slow
A: sickness immunity, fire resistance 2, cold vulnerability 1, float, innate
caster, HP casting, extra vitality 1
a: Renounce Religion, Minor Destruction, Lesser Servant of Makhleb, Major
Destruction, Greater Servant of Makhleb


You were in the Dungeon.
You worshipped Makhleb.
Makhleb was exalted by your worship.
You visited 1 branch

Inventory:

Hand Weapons
 a - a +0 dagger
 i - the +∞ Axe of Woe (weapon)
   (You found it in the Dungeon)
Armour
 b - a +0 robe (worn)
 c - a +0 hat (worn)
Scrolls
 h - a scroll of blinking
Potions
 d - a potion of curing
 e - a potion of heal wounds
 g - a potion of berserk rage


   Skills:
 O Level 27 Fighting
 + Level 21.9(25.3) Short Blades
 + Level 21.9(25.3) Long Blades
 O Level 27 Axes
 + Level 20.3(27) Maces & Flails
 + Level 20.3(27) Polearms
 + Level 20.8(27) Staves
 + Level 19.2 Ranged Weapons
 + Level 19.2 Throwing
 + Level 22.4 Armour
 O Level 27 Dodging
 O Level 27 Stealth
 + Level 22.4 Shields
 + Level 22.4 Unarmed Combat
 O Level 27 Spellcasting
 + Level 22.4 Invocations
 + Level 22.4 Evocations


You had 4 spell levels left.
You knew the following spells:

 Your Spells              Type           Power      Damage    Failure   Level
a - Magic Dart            Conj           100%       1d8       0%          1
b - Blink                 Tloc           100%       N/A       0%          2
c - Call Imp              Summ           100%       N/A       0%          2
d - Slow                  Hex            100%       N/A       0%          1
e - Conjure Flame         Conj/Fire      100%       6-21      0%          3
f - Mephitic Cloud        Conj/Pois/Air  100%       N/A       0%          3
g - Necrotise             Necr           100%       1d9       0%          1
h - Scorch                Fire           100%       2d10      0%          2
i - Tukima's Dance        Hex            100%       N/A       0%          3
j - Iskenderun's Mystic   Conj/Tloc      100%       2d19      0%          4
k - Animate Armour        Summ/Erth      100%       N/A       0%          4
l - Lightning Bolt        Conj/Air       55%        1d77      0%          5
m - Conjure Ball Lightni  Conj/Air       55%        3x3d20    0%          6
n - Spellforged Servitor  Conj/Summ      55%        N/A       0%          7
o - Enfeeble              Hex            55%        N/A       0%          7
p - Discord               Hex            55%        N/A       1%          8
q - Dragon Form           Tmut           55%        N/A       0%          7
r - Polar Vortex          Ice            55%        N/A       1%          9
Your spell library was empty.

Dungeon Overview and Level Annotations

Branches:
Dungeon (1/1)

Altars:
Makhleb

Annotations:
D The Captor


Innate Abilities, Weirdness & Mutations

You are immune to sickness and miasma.
You are immune to poison.
Your flesh is very heat resistant. (rF++)
You are vulnerable to cold. (rC-)
You float through the air rather than walking.
You learn spells naturally, not from books.
Your magical power is your life essence.
You have superior vitality. (+4 MHP)


Message History

You kill the tentacled monstrosity!
The tentacled monstrosity disappears in a puff of smoke!
You hit the large abomination.
You cleave the large abomination in twain.
You destroy the large abomination!
The large abomination disappears in a puff of smoke!
The meat berserker appears out of thin air!
A meat berserker comes into view. It is wielding a +9 battleaxe.
You destroy the large abomination!
The large abomination disappears in a puff of smoke!
The meat berserker shouts!
You hear a shout!
You hear two shouts!
You hear a shout!
The meat berserker rages.
You hear a shout! x2
The bag of meat hits the destroyer with a +9 war axe!!!
The bag of meat hits the sculptor of flesh with a +9 war axe!!
The destroyer casts a spell at you.
The destroyer blinks!
A sculptor of flesh comes into view. It is wielding a +9 great sword.
The accursed is engulfed in blazing flames.
The sculptor of flesh is engulfed in blazing flames.
An accursed comes into view.
You hear a shout! x3
A bag of meat comes into view. It is wielding a +9 war axe. x5
The bag of meat is engulfed in blazing flames.
A sculptor of flesh comes into view. It is wielding a +9 great sword.
The tyrant gestures wildly while chanting.
The tyrant seems to speed up.
The meat beast bites you!! The meat beast misses you.
The destroyer hits the bag of meat with a +9 vorpal great sword!!!
The destroyer bites the bag of meat.
The destroyer draws strength from the bag of meat's injuries!
The tyrant casts a spell.
The tyrant touches you.
You hear a shout!
The bag of meat hits the destroyer with a +9 war axe!!!
The bag of meat hits the sculptor of flesh with a +9 war axe!!
The destroyer hits you with a +9 vorpal great sword!!!!!
Ouch! That really hurt!
You die... ............... .o.o.#...z.......... o..V.X..X............ #..oz§§Xz§§○§........ o#§.§§LXX #V§..§..# Vo§§#Xoo@

#§X).§..# .
.#§§§§§§###XoXX...###..
.O§§§§§LL§XO§###......
..§#X@2z§§X)_......
#§oVVO§§#X.)).#...
#.§§§L§o§§§#_.<)_#
..§#§§§§§☼W#§...)#
..§o§#§oV§§o§._))......
.z§§X§§§§§MOW###.......
.......o###oO.o...###..
.......M. #...o.o.# .
#.. ...#


You could see 2 accurseds, 5 tentacled monstrosities, a meat beast (fast), 4
tyrants, 5 destroyers, 5 sculptors of flesh, a large bag of meat (inner flame),
10 large abominations, 2 dreads, 4 meat berserkers, The Captor (fast), 17 bags
of meat and a neutral bag of meat (fast, strong, insane, distracted, drained).

Vanquished Creatures
  A hell beast (D)
  A royal mummy (D)
  Harold (D)
  9 vampire knights (D)
  10 ogres (D)
  A two-headed ogre (D)
  A hydra (D)
  29 orcs (D)
  4 skeletal warriors (D)
57 creatures vanquished.

Vanquished Creatures (collateral kills)
  A two-headed ogre (D)
1 creature vanquished.

Vanquished Creatures (others)
  2 two-headed ogres (D)
  2 orcs (D)
4 creatures vanquished.

Grand Total: 62 creatures vanquished

Notes
Turn   | Place    | Note
-------+----------+-------------------------------------------
     0 | D        | Found the +∞ Axe of Woe
     0 | D        | Ashen the Djinni Hedge Wizard began the quest for the Orb.
     0 | D        | Ashen set off with the following spells memorised: Magic
                  | Dart, Blink, Call Imp, Slow, Conjure Flame, Mephitic Cloud.
     0 | D        | Reached XP level 1. HP: 15/15 MP: 0/0
     1 | D        | Noticed a bag of meat
     1 | D        | Noticed a bag of meat
     2 | D        | Noticed a bag of meat
     2 | D        | Noticed a bag of meat
     3 | D        | Noticed a bag of meat
     4 | D        | Noticed a meat berserker
     5 | D        | Noticed a bag of meat
     5 | D        | Became a worshipper of Makhleb the Destroyer
     5 | D        | Noticed a bag of meat
     6 | D        | Noticed a bag of meat
     6 | D        | Noticed a bag of meat
     7 | D        | Noticed a bag of meat
     8 | D        | Noticed a bag of meat
     9 | D        | Noticed a bag of meat
     9 | D        | Noticed a bag of meat
    10 | D        | Killed a bag of meat
    10 | D        | Killed a bag of meat
    10 | D        | Reached * piety under Makhleb
    11 | D        | Reached XP level 2. HP: 46/46 MP: 0/0
    11 | D        | Reached XP level 3. HP: 51/51 MP: 0/0
    11 | D        | Learned a level 1 spell: Necrotise
    11 | D        | Reached XP level 4. HP: 58/58 MP: 0/0
    11 | D        | Reached XP level 5. HP: 64/64 MP: 0/0
    11 | D        | Learned a level 2 spell: Scorch
    11 | D        | Reached XP level 6. HP: 70/70 MP: 0/0
    11 | D        | Reached XP level 7. HP: 76/76 MP: 0/0
    11 | D        | Learned a level 3 spell: Tukima's Dance
    11 | D        | Reached XP level 8. HP: 82/82 MP: 0/0
    11 | D        | Reached XP level 9. HP: 88/88 MP: 0/0
    11 | D        | Learned a level 4 spell: Iskenderun's Mystic Blast
    11 | D        | Reached XP level 10. HP: 94/94 MP: 0/0
    11 | D        | Reached XP level 11. HP: 100/100 MP: 0/0
    11 | D        | Learned a level 4 spell: Animate Armour
    11 | D        | Reached XP level 12. HP: 106/106 MP: 0/0
    11 | D        | Killed a meat berserker
    11 | D        | Killed a bag of meat
    11 | D        | Killed a bag of meat
    11 | D        | Reached ** piety under Makhleb
    12 | D        | Reached XP level 13. HP: 122/122 MP: 0/0
    12 | D        | Learned a level 5 spell: Lightning Bolt
    12 | D        | Reached XP level 14. HP: 129/129 MP: 0/0
    13 | D        | Killed a bag of meat
    13 | D        | Killed a bag of meat
    13 | D        | Noticed a bag of meat
    14 | D        | Reached XP level 15. HP: 138/138 MP: 0/0
    14 | D        | Learned a level 6 spell: Conjure Ball Lightning
    14 | D        | Reached *** piety under Makhleb
    17 | D        | Noticed a meat berserker
    17 | D        | Noticed a meat berserker
    18 | D        | Noticed a meat berserker
    18 | D        | Killed a meat berserker
    19 | D        | Reached skill level 27 in Dodging
    19 | D        | Reached XP level 16. HP: 151/151 MP: 0/0
    19 | D        | Reached **** piety under Makhleb
    20 | D        | Reached skill level 27 in Fighting
    20 | D        | Noticed a destroyer
    22 | D        | Killed a destroyer
    23 | D        | Reached skill level 27 in Axes
    23 | D        | Reached XP level 17. HP: 160/160 MP: 0/0
    23 | D        | Learned a level 7 spell: Spellforged Servitor
    23 | D        | Killed a meat berserker
    24 | D        | Reached skill level 5 in Stealth
    24 | D        | Noticed a large bag of meat
    26 | D        | Noticed a destroyer
    26 | D        | Reached ***** piety under Makhleb
    27 | D        | Killed a meat berserker
    27 | D        | Noticed a large bag of meat
    28 | D        | Reached XP level 18. HP: 167/167 MP: 0/0
    29 | D        | Reached skill level 10 in Stealth
    30 | D        | Noticed The Servant
    30 | D        | Killed a destroyer
    31 | D        | Reached XP level 19. HP: 174/174 MP: 0/0
    31 | D        | Learned a level 7 spell: Enfeeble
    31 | D        | Noticed a destroyer
    32 | D        | Noticed a destroyer
    33 | D        | Noticed a sculptor of flesh
    33 | D        | Noticed a destroyer
    34 | D        | Reached ****** piety under Makhleb
    35 | D        | Reached skill level 27 in Spellcasting
    36 | D        | Killed a destroyer
    37 | D        | Reached XP level 20. HP: 77/181 MP: 0/0
    37 | D        | Killed a destroyer
    38 | D        | Reached skill level 27 in Stealth
    38 | D        | Killed a destroyer
    39 | D        | Reached skill level 5 in Ranged Weapons
    39 | D        | Reached skill level 5 in Throwing
    39 | D        | Killed a large bag of meat
    40 | D        | Reached XP level 21. HP: 178/187 MP: 0/0
    40 | D        | Learned a level 8 spell: Discord
    40 | D        | Noticed a large bag of meat
    40 | D        | Noticed an eight-headed meat hydra
    42 | D        | Noticed a destroyer
    42 | D        | Killed The Servant
    42 | D        | Noticed a destroyer
    43 | D        | Reached skill level 10 in Short Blades
    43 | D        | Reached skill level 10 in Long Blades
    43 | D        | Reached skill level 10 in Armour
    43 | D        | Reached skill level 10 in Shields
    43 | D        | Reached skill level 10 in Unarmed Combat
    43 | D        | Reached skill level 10 in Invocations
    43 | D        | Reached skill level 10 in Evocations
    43 | D        | Noticed a large bag of meat
    45 | D        | Reached skill level 10 in Staves
    45 | D        | Noticed a destroyer
    45 | D        | Noticed a meat berserker
    46 | D        | Reached skill level 10 in Maces & Flails
    46 | D        | Reached skill level 10 in Polearms
    46 | D        | Killed a destroyer
    47 | D        | Reached skill level 10 in Ranged Weapons
    47 | D        | Reached skill level 10 in Throwing
    47 | D        | Reached XP level 22. HP: 194/194 MP: 0/0
    48 | D        | Noticed a destroyer
    49 | D        | Noticed an accursed
    49 | D        | Killed a nine-headed meat hydra
    52 | D        | Killed an accursed
    53 | D        | Reached skill level 15 in Short Blades
    53 | D        | Reached skill level 15 in Long Blades
    53 | D        | Reached skill level 15 in Armour
    53 | D        | Reached skill level 15 in Shields
    53 | D        | Reached skill level 15 in Unarmed Combat
    53 | D        | Reached skill level 15 in Invocations
    53 | D        | Reached skill level 15 in Evocations
    53 | D        | Reached XP level 23. HP: 201/201 MP: 0/0
    53 | D        | Learned a level 7 spell: Dragon Form
    53 | D        | Noticed a tyrant
    54 | D        | Noticed a large bag of meat
    56 | D        | Noticed a tyrant
    56 | D        | Killed a destroyer
    56 | D        | Killed a destroyer
    57 | D        | Reached skill level 15 in Maces & Flails
    57 | D        | Reached skill level 15 in Polearms
    57 | D        | Noticed a tyrant
    58 | D        | Reached skill level 15 in Ranged Weapons
    58 | D        | Reached skill level 15 in Throwing
    58 | D        | Reached XP level 24. HP: 208/208 MP: 0/0
    59 | D        | Killed a destroyer
    59 | D        | Killed a large bag of meat
    60 | D        | Noticed The Captor
    60 | D        | Killed a large bag of meat
    60 | D        | Noticed a tyrant
    61 | D        | Reached XP level 25. HP: 214/214 MP: 0/0
    61 | D        | Learned a level 9 spell: Polar Vortex
    61 | D        | Noticed a dread
    61 | D        | Noticed a tyrant
    62 | D        | Noticed a meat beast
    63 | D        | Killed a meat beast
    63 | D        | Killed a large bag of meat
    63 | D        | Noticed a large bag of meat
    64 | D        | Noticed a dread
    65 | D        | Noticed an accursed
    66 | D        | Reached XP level 26. HP: 121/221 MP: 0/0
    66 | D        | Noticed a destroyer
    66 | D        | Noticed a destroyer
    66 | D        | Noticed a destroyer
    66 | D        | Noticed a destroyer
    66 | D        | Noticed a destroyer
    67 | D        | Noticed a meat beast
    67 | D        | Noticed an accursed
    67 | D        | Annihilated by a destroyer

Illustrated notes

Levels and vault maps discovered:
D:        meatsprint

Skill      XL: |  1  2  3  4  5  6  7  8  9 10 11 12 13 14 15 16 17 18 19 20 21 22 23 24 25 |
---------------+----------------------------------------------------------------------------+-----
Fighting       | 17 21 23 26 27 | 27.0
Axes           | 14 18 19 22 27 | 27.0
Dodging        | 18 23 25 27 | 27.0
Stealth        | 3 8 12 26 27 | 27.0
Spellcasting   | 6 18 24 27 | 27.0
Short Blades   | 8 12 15 18 19 21 | 21.9
Long Blades    | 8 12 15 18 19 21 | 21.9
Maces & Flails | 7 11 14 16 18 20 | 20.3
Polearms       | 7 11 14 16 18 20 | 20.3
Staves         | 8 11 14 17 18 20 | 20.8
Ranged Weapons | 7 10 13 15 17 19 | 19.2
Throwing       | 7 10 13 15 17 19 | 19.2
Armour         | 8 12 15 18 20 22 | 22.4
Shields        | 8 12 15 18 20 22 | 22.4
Unarmed Combat | 8 12 15 18 20 22 | 22.4
Invocations    | 8 12 15 18 20 22 | 22.4
Evocations     | 8 12 15 18 20 22 | 22.4

Action                   |  1- 3 |  4- 6 |  7- 9 | 10-12 | 13-15 | 16-18 | 19-21 | 22-24 | 25-27 || total
-------------------------+-------+-------+-------+-------+-------+-------+-------+-------+-------++-------
Melee: Executioner's axe |     1 |       |       |     1 |     3 |     7 |    10 |     8 |     5 ||    35
 Cast: Enfeeble          |       |       |       |       |       |       |       |     1 |       ||     1
       Discord           |       |       |       |       |       |       |       |     1 |       ||     1
       Polar Vortex      |       |       |       |       |       |       |       |       |     1 ||     1
  Use: Potion            |     1 |       |       |       |       |       |       |       |       ||     1
 Stab: Invisible         |       |       |       |       |       |       |       |     1 |       ||     1
Dodge: Dodged            |       |       |       |       |       |       |       |     1 |     1 ||     2
